 Dungeon Crawl Stone Soup version 0.31-a0-1424-g2add1c7226 (webtiles) character file.

Game seed: 4422853585422697591

137 grandjackal the Sneak (level 5, 0/52 HPs)
             Began as a Vampire Earth Elementalist on Dec 26, 2023.
             Succumbed to a kobold brigand's curare-tipped dart
             ... in a sewer.
             The game lasted 00:03:15 (1405 turns).

grandjackal the Sneak (Vampire Earth Elementalist)  Turns: 1405, Time: 00:03:15

Health: 0/52       AC: 22    Str:  7    XL:     5   Next: 0%
Magic:  0/8        EV:  2    Int: 19    God:
Gold:   132        SH:  0    Dex: 15    Spells: 5/8 levels left

rFire   . . .        e - +0 dagger
rCold   . . .        (no shield)
rNeg    . . .        a - melded +0 robe
rPois   +            (helmet currently unavailable)
rElec   .            (cloak currently unavailable)
rCorr   .            (gloves currently unavailable)
SInv    +            (boots currently unavailable)
Will    .....        (no amulet)
Stlth   +++          (no ring)
HPRegen 0.48/turn    (no ring)
MPRegen 0.11/turn

%: no passive effects
@: lethally poisoned (0 -> -8), tree-form, healing quickly, slowed, very slow
A: stationary, stasis, torment immunity, boosted hp, alive, (fangs 3), see
invisible, vampiric 2
a: Exsanguinate


You were in a sewer.
You were a tree.
You visited 1 branch of the dungeon, and saw 3 of its levels.
You also visited: Sewer.

You collected 132 gold pieces.

Inventory:

Hand Weapons
 e - a +0 dagger (weapon)
Armour
 a - a +0 robe (melded)
Jewellery
 k - a +5 ring of evasion
Scrolls
 c - 3 scrolls of noise {unknown}
 d - 2 scrolls of identify
 f - a scroll of amnesia {unknown}
 g - a scroll of immolation {unknown}
 i - a scroll of enchant weapon {unknown}
 j - a scroll of teleportation {unknown}
 l - a scroll of poison {unknown}
Potions
 b - a potion of magic
 h - 3 potions of lignification


   Skills:
 + Level 2.1 Short Blades
 - Level 2.1 Dodging
 + Level 4.9 Stealth
 - Level 2.0 Spellcasting
 + Level 3.8 Earth Magic
 + Level 2.8 Alchemy


You had 5 spell levels left.
You knew the following spells:

 Your Spells              Type           Power      Damage    Failure   Level
a - Sandblast             Erth           32%        2d9       3%          1
b - Passwall              Alch/Erth      11%        N/A       6%          2

Your spell library contained the following spells:

 Spells                   Type           Power      Damage    Failure   Level
 Sting                    Conj/Alch      28%        1d4       10%         1
 Mercury Vapours          Alch/Air       14%        N/A       14%         2
 Magic Dart               Conj           4%         1d3       17%         1
 Stone Arrow              Conj/Erth      18%        3d8       22%         3
 Blink                    Tloc           2%         N/A       26%         2
 Call Imp                 Summ           2%         N/A       26%         2
 Petrify                  Alch/Erth      14%        N/A       38%         4
 Inner Flame              Hex/Fire       1%         N/A       45%         3
 Olgreb's Toxic Radiance  Alch           12%        N/A       45%         4
 Brom's Barrelling Bould  Conj/Erth      9%         2d3       58%         4
 Sticky Flame             Fire/Alch      7%         2d4       67%         4
 Flame Wave               Conj/Fire      1%         2d4       86%         4
 Vhi's Electric Charge    Tloc/Air       2%         N/A       86%         4
 Arcjolt                  Conj/Air       0%         1d10      99%         5
 Maxwell's Capacitive Co  Air            0%         ∞         100%        8


Dungeon Overview and Level Annotations

Branches:
Dungeon (3/15)              Sewer (1/1)

Altars:


Innate Abilities, Weirdness & Mutations

You are a tree.
Your roots penetrate the ground, keeping you stationary.
You cannot be teleported.
You are immune to unholy pain and torment.
Your maximum health is greatly increased.
Your equipment is partially melded.
Your natural rate of healing is accelerated.
((You have razor-sharp teeth.))
You have supernaturally acute eyesight. (SInv)
You are afflicted with vampirism and can become a bat while bloodless.


Message History

The curare-tipped dart closely misses you.
The kobold brigand throws a curare-tipped dart.
The curare-tipped dart misses you.
The kobold brigand throws a curare-tipped dart.
The curare-tipped dart hits you.
You are poisoned.
You have difficulty breathing.
You feel yourself slow down.
You feel very sick.
You feel very sick.
The kobold brigand throws a curare-tipped dart.
The curare-tipped dart closely misses you.
You feel very sick.
You feel sick.
Casting: Sandblast (safe; 3% risk of failure)
Confirm with . or Enter, or press ? or * to list all spells.
Aiming: Sandblast (safe; 3% risk of failure)
Press: ? - help, Shift-Dir - straight line, f/p - kobold brigand
Aim: a kobold brigand, wielding a +0 whip and quivering curare-tipped darts (severely wounded, 77% to hit)
The blast of sand hits the kobold brigand.
The kobold brigand is almost dead.
You feel sick.
You feel sick.
The kobold brigand throws a curare-tipped dart.
The curare-tipped dart hits you.
You are more poisoned.
You have difficulty breathing.
* * * LOW HITPOINT WARNING * * *
You feel as though you will be slow longer.
You turn into a tree.
Your +0 robe melds into your body.
Your roots penetrate the ground.
* * * LOW HITPOINT WARNING * * *
You feel very sick.
Unknown command.
Casting: Sandblast (safe; 3% risk of failure)
Confirm with . or Enter, or press ? or * to list all spells.
You don't have enough magic to cast this spell.
Unknown command.
Unknown command.
There is a lethal amount of poison in your body!
You die...

#.~≈~.#
#.~≈~.#
+.~≈~.+
#.~≈~.#
####.~≈~.#
#∩....∩..+
####.~≈~.#
#.~≈~.####
+.K≈~♣'..#
#.~≈~)####
#.~≈~.#
+.~≈~.+
#.~≈~.#
#.~≈~.#
'.~≈~.'
########


You could see a kobold brigand.

Vanquished Creatures
  A brain worm (Sewer)
  3 adders
  A worm (D:2)
  A dart slug (D:1)
  3 ball pythons (D:1)
  2 bats (D:1)
  2 endoplasms (D:2)
  A giant cockroach (D:3)
  9 goblins
  4 hobgoblins
  2 jackals (D:1)
  A quokka (D:2)
  4 frilled lizards (D:3)
  5 kobolds
  A rat (D:1)
40 creatures vanquished.

Notes
Turn   | Place    | Note
-------+----------+-------------------------------------------
     0 | D:1      | grandjackal the Vampire Earth Elementalist began the quest
                  | for the Orb.
     0 | D:1      | Reached XP level 1. HP: 13/13 MP: 3/3
   249 | D:1      | Reached XP level 2. HP: 12/19 MP: 3/5
   598 | D:1      | Learned a level 2 spell: Passwall
   697 | D:2      | Reached skill level 4 in Stealth
   697 | D:2      | Gained mutation: You are afflicted with vampirism and can
                  | become a bat while bloodless. [Vampire growth]
   697 | D:2      | Reached XP level 3. HP: 21/24 MP: 2/6
   740 | D:2      | Reached skill level 1 in Short Blades
  1339 | D:3      | Reached XP level 4. HP: 26/30 MP: 4/7
  1359 | D:3      | Found a glowing drain.
  1368 | Sewer    | Entered a sewer
  1371 | Sewer    | Noticed a brain worm
  1373 | Sewer    | Noticed a kobold brigand
  1377 | Sewer    | Killed a brain worm
  1378 | Sewer    | Reached XP level 5. HP: 29/35 MP: 3/8
  1405 | Sewer    | Succumbed to a kobold brigand's curare-tipped dart

Illustrated notes

Levels and vault maps discovered:
D:1:      dpeg_arrival_more_subterranean_lakeside_camping, layout_rooms
D:2:      layout_rooms, minmay_goblin_outpost
D:3:      layout_loops_ring, kennysheep_ying_yang,
          nicolae_overflow_hidden_temple, zin_statuary,
          mainiacjoe_sewer_entry_somewhere_in_here_2, hex_large
Sewer:    kennysheep_door_sewer

Skill      XL: |  1  2  3  4 |
---------------+-------------+-----
Alchemy        | 2 |  2.8
Stealth        | 4 |  4.9
Short Blades   | 1 2 |  2.1
Dodging        | |  2.1
Spellcasting   | |  2.0
Earth Magic    | |  3.8

Action                     |  1- 3 |  4- 6 || total
---------------------------+-------+-------++-------
  Melee: Unarmed           |     5 |       ||     5
         Bite              |     7 |     2 ||     9
         Dagger            |    52 |    17 ||    69
   Cast: Sandblast         |    35 |    10 ||    45
    Use: Scroll            |     1 |       ||     1
         Potion            |       |     1 ||     1
   Stab: Sleeping          |     4 |       ||     4
 Armour: Robe              |    36 |     9 ||    45
  Dodge: Dodged            |    48 |    21 ||    69

Table legend: (Time is in decaauts)
 A = Elapsed time spent in this place.
 B = Non-inter-level travel time spent in this place.
 C = Inter-level travel time spent in this place.
 D = Time resting spent in this place.
 E = Time spent auto-exploring this place.
 F = Levels seen in this place.
 G = Mean time per level.
                   A        B        C        D        E       F      G
               +--------+--------+--------+--------+--------+-----+--------+
         Total |   1434 |   1396 |     38 |    347 |    695 |   4 |  358.5 |
       Dungeon |   1389 |   1351 |     38 |    347 |    695 |   3 |  463.0 |
         Sewer |     45 |     45 |      0 |      0 |      0 |   1 |   45.0 |
               +--------+--------+--------+--------+--------+-----+--------+

Top non-repeatable levels by time:
     D:1: 665 daAuts
     D:2: 646 daAuts
     D:3: 77 daAuts
   Sewer: 45 daAuts
